 Dungeon Crawl Stone Soup version 0.30-a0-782-ge64f9170bb (webtiles) character file.

Game seed: 14280579913984336323

67 cheesebisquit the Conjurer (level 4, -4/25 HPs)
             Began as a Gargoyle Conjurer on Feb 19, 2023.
             Slain by a gnoll
             ... wielding a +0 flail
              (11 damage)
             ... on level 2 of the Dungeon.
             The game lasted 00:05:02 (2596 turns).

cheesebisquit the Conjurer (Gargoyle Conjurer)      Turns: 2596, Time: 00:05:03

Health: -4/25      AC:  5    Str: 10    XL:     4   Next: 18%
Magic:  3/8        EV: 10    Int: 21    God:
Gold:   86         SH:  9    Dex:  8    Spells: 7/8 levels left

rFire   . . .      SeeInvis .    f - +0 mace
rCold   . . .      Faith    .    c - +2 kite shield
rNeg    + . .      Spirit   .    a - +0 robe
rPois   ∞          Reflect  .    (no helmet)
rElec   +          Harm     .    (no cloak)
rCorr   .          Rampage  .    (no gloves)
Will    .....                    (no boots)
Stlth   ++                       (no amulet)
HPRegen 0.24/turn                (no ring)
MPRegen 0.11/turn                (no ring)

@: no status effects
A: sickness immunity, AC +3, negative energy resistance 1, electricity
resistance, torment resistance 1, petrification resistance
a: no special abilities


You were on level 2 of the Dungeon.
You visited 1 branch of the dungeon, and saw 3 of its levels.

You collected 86 gold pieces.

Inventory:

Hand Weapons
 f - a +0 mace (weapon)
Armour
 a - a +0 robe (worn)
 c - a +2 kite shield (worn)
 e - a +0 leather armour
Jewellery
 i - an amulet of magic regeneration
Scrolls
 d - 6 scrolls of identify {unknown}
 g - 3 scrolls of immolation {unknown}
 k - a scroll of teleportation {unknown}
 m - a scroll of enchant armour {unknown}
 o - a scroll of fog {unknown}
 p - a scroll of magic mapping {unknown}
Potions
 b - 2 potions of magic
 h - 2 potions of heal wounds {unknown}
 j - 3 potions of attraction {unknown}
 l - a potion of brilliance {unknown}
 n - a potion of curing {unknown}


   Skills:
 + Level 1.2 Fighting
 - Level 1.5 Dodging
 - Level 2.1 Stealth
 + Level 1.9 Shields
 + Level 2.7 Spellcasting
 + Level 4.9 Conjurations


You had 7 spell levels left.
You knew the following spells:

 Your Spells              Type           Power      Damage    Failure   Level
a - Magic Dart            Conj           92%        1d7       6%          1

Your spell library contained the following spells:

 Spells                   Type           Power      Damage    Failure   Level
 Searing Ray              Conj           46%        2d6       9%          2
 Dazzling Flash           Conj/Hex       26%        N/A       45%         3
 Fulminant Prism          Conj/Hex       6%         3d7       86%         4
 Iskenderun's Mystic Bla  Conj/Tloc      13%        2d5       86%         4


Dungeon Overview and Level Annotations

Branches:
Dungeon (3/15)

Altars:


Innate Abilities, Weirdness & Mutations

You are immune to sickness and miasma.
Your stone body is resilient. (AC +3)
You are immune to poison.
You resist negative energy. (rN+)
You are resistant to electric shocks. (rElec)
You are resistant to unholy torment.
You are immune to petrification.


Message History

The goblin shouts!
The magic dart hits the goblin.
You kill the goblin!
A ball python comes into view.
The magic dart hits the ball python.
The ball python is heavily wounded.
The ball python hisses angrily.
The magic dart hits the ball python!
You kill the ball python!
Done exploring.
Done exploring.
There is a stone staircase leading down here.
You climb downwards.
Found a garnet ring.
There is a stone staircase leading up here.
The magic dart hits the gnoll but does no damage.
The gnoll shouts!
You hear a shout!
The magic dart hits the gnoll.
The gnoll is heavily wounded.
A gnoll comes into view. It is wielding a +1 heavy flail.
The magic dart hits the gnoll.
The gnoll is lightly wounded.
The gnoll shouts!
The magic dart hits the gnoll.
The gnoll is moderately wounded.
The magic dart hits the gnoll but does no damage.
The gnoll is moderately wounded.
The gnoll hits you with a +1 heavy flail!
A gnoll comes into view. It is wielding a +0 halberd.
The magic dart hits the gnoll.
The gnoll is heavily wounded.
The gnoll misses you.
The gnoll hits you from afar with a +0 spear.
You block the gnoll's attack. The gnoll hits you with a +0 flail.
* * * LOW HITPOINT WARNING * * *
The gnoll closely misses you. The gnoll hits you but does no damage.
You climb upwards.
There is a stone staircase leading down here.
The gnoll hits you with a +0 flail!
You die...

......# ##########.#############
......# #...#....#.#....#....#.#
.#....# #..#.............#..#...
.###..####........#.#............
.#..#............................
.#..#..........####.#............
##..#............##...###########
....#..........#.##.###
......#.#......#@#..##########
...............#gg...........#
....#.#.#..##..............#.#
...........)#..###.###..##.#.#
#.#########.#..# #.####.##.#.#
..#########.#..###....#.##.#.#
#.........#.#...#####.#....#.#
#..######.#.#...##....#.####.####
#..#### #.#.#...##.####..........


You could see 2 gnolls.

Vanquished Creatures
  2 adders (D:2)
  7 ball pythons
  5 bats
  6 endoplasms
  2 giant cockroaches
  5 goblins
  6 hobgoblins
  A quokka (D:2)
  4 frilled lizards
  3 kobolds
  4 rats
45 creatures vanquished.

Notes
Turn   | Place    | Note
-------+----------+-------------------------------------------
     0 | D:1      | cheesebisquit the Gargoyle Conjurer began the quest for the
                  | Orb.
     0 | D:1      | Reached XP level 1. HP: 10/10 MP: 3/3
   131 | D:1      | Reached XP level 2. HP: 15/15 MP: 0/5
   402 | D:1      | Reached skill level 1 in Shields
   993 | D:2      | Reached XP level 3. HP: 20/20 MP: 0/6
  1311 | D:2      | Reached skill level 1 in Fighting
  1619 | D:2      | Reached XP level 4. HP: 25/25 MP: 5/7
  2596 | D:2      | Slain by a gnoll

Illustrated notes

Levels and vault maps discovered:
D:1:      lightli_iron_boxes, layout_basic, minmay_tetromino_s2
D:2:      wad_river_or_something, layout_basic, serial_co_window_serial,
          co_window_corner_a, co_window_cross_1, co_window_paths_a,
          co_window_of_opportunity_a, co_window_paths_a, co_window_paths_c,
          co_window_corner_b, co_window_of_opportunity_b, co_window_broadway_c,
          co_window_of_opportunity_b, glass_columns_a
D:3:      layout_basic, nicolae_qazlal_eye_of_the_storm, st_stairs_10,
          nicolae_nh_oracle_at_delphi

Skill      XL: |  1  2  3 |
---------------+----------+-----
Shields        | 1 |  1.9
Fighting       | 1 |  1.2
Dodging        | |  1.5
Stealth        | |  2.1
Spellcasting   | |  2.7
Conjurations   | |  4.9

Action                     |  1- 3 |  4- 6 || total
---------------------------+-------+-------++-------
  Melee: Mace              |    12 |       ||    12
   Cast: Magic Dart        |    58 |    27 ||    85
 Armour: Robe              |     6 |     1 ||     7
  Dodge: Dodged            |    12 |     2 ||    14
  Block: Kite shield       |     3 |     3 ||     6

Table legend: (Time is in decaauts)
 A = Elapsed time spent in this place.
 B = Non-inter-level travel time spent in this place.
 C = Inter-level travel time spent in this place.
 D = Time resting spent in this place.
 E = Time spent auto-exploring this place.
 F = Levels seen in this place.
 G = Mean time per level.
                   A        B        C        D        E       F      G
               +--------+--------+--------+--------+--------+-----+--------+
         Total |   2604 |   2538 |     66 |      0 |   2328 |   3 |  868.0 |
       Dungeon |   2604 |   2538 |     66 |      0 |   2328 |   3 |  868.0 |
               +--------+--------+--------+--------+--------+-----+--------+

Top non-repeatable levels by time:
     D:2: 1640 daAuts
     D:1: 956 daAuts
     D:3: 7 daAuts
